 Dungeon Crawl Stone Soup version 0.31-a0-177-g4aa6249778 (webtiles) character file.

Game seed: 4389509387789147559

48 pokeman the Magician (level 3, -1/20 HPs)
             Began as a Deep Elf Hedge Wizard on June 19, 2023.
             Slain by Jessica
             ... wielding a +0 club
              (6 damage)
             ... on level 2 of the Dungeon.
             The game lasted 00:02:13 (1813 turns).

pokeman the Magician (Deep Elf Hedge Wizard)        Turns: 1813, Time: 00:02:14

Health: -1/20      AC:  4    Str:  7    XL:     3   Next: 50%
Magic:  0/11       EV: 12    Int: 20    God:
Gold:   33         SH:  0    Dex: 14    Spells: 4/12 levels left

rFire   . . .        a - +0 dagger
rCold   . . .        (no shield)
rNeg    . . .        b - +0 robe
rPois   .            c - +0 hat
rElec   .            (no cloak)
rCorr   .            (no gloves)
SInv    .            f - +1 pair of boots
Will    .....        (no amulet)
Stlth   ++           (no ring)
HPRegen 0.23/turn    (no ring)
MPRegen 0.12/turn

%: no passive effects
@: no status effects
A: no striking features
a: no special abilities


You were on level 2 of the Dungeon.
You visited 1 branch of the dungeon, and saw 2 of its levels.

You collected 33 gold pieces.

Inventory:

Hand Weapons
 a - a +0 dagger (weapon)
Armour
 b - a +0 robe (worn)
 c - a +0 hat (worn)
 f - a +1 pair of boots (worn)
 m - a +2 buckler of reflection
Scrolls
 h - 2 scrolls of fear {unknown}
 i - 3 scrolls of teleportation {unknown}
 j - a scroll of revelation {unknown}
 n - a scroll of amnesia {unknown}
 o - a scroll of immolation {unknown}
Potions
 d - 2 potions of magic
 e - 2 potions of enlightenment {unknown}
 g - a potion of attraction {unknown}
 k - a potion of might {unknown}
 l - a potion of lignification {unknown}


   Skills:
 + Level 0.9 Fighting
 - Level 1.0 Armour
 + Level 2.4 Dodging
 - Level 2.4 Stealth
 * Level 5.2 Spellcasting
 + Level 1.8 Conjurations
 - Level 1.1 Summonings
 - Level 1.1 Translocations


You had 4 spell levels left.
You knew the following spells:

 Your Spells              Type           Power      Damage    Failure   Level
a - Magic Dart            Conj           48%        1d5       5%          1
b - Mephitic Cloud        Conj/Pois/Air  7%         N/A       26%         3
c - Call Imp              Summ           18%        N/A       11%         2
d - Blink                 Tloc           18%        N/A       11%         2

Your spell library contained the following spells:

 Spells                   Type           Power      Damage    Failure   Level
 Slow                     Hex            20%        N/A       12%         1
 Cigotuvi's Dreadful Rot  Necr/Pois/Air  10%        N/A       17%         2


Dungeon Overview and Level Annotations

Branches:
Dungeon (2/15)

Altars:

Annotations:
D:2 Jessica


Message History

Press: ? - help, Shift-Dir - straight line, f/p - Jessica
Aim: Jessica, wielding a +0 club and wearing a +0 robe (moderately wounded, fast, 100% to hit)
The magic dart hits Jessica but does no damage.
Jessica is moderately wounded.
Jessica closely misses you.
Casting: Magic Dart (safe; 5% risk of failure)
Confirm with . or Enter, or press ? or * to list all spells.
Aiming: Magic Dart (safe; 5% risk of failure)
Press: ? - help, Shift-Dir - straight line, f/p - Jessica
Aim: Jessica, wielding a +0 club and wearing a +0 robe (moderately wounded, fast, 100% to hit)
The magic dart hits Jessica.
Jessica is heavily wounded.
Jessica drinks a potion.
Jessica is healed!
Casting: Magic Dart (safe; 5% risk of failure)
Confirm with . or Enter, or press ? or * to list all spells.
Aiming: Magic Dart (safe; 5% risk of failure)
Press: ? - help, Shift-Dir - straight line, f/p - Jessica
Aim: Jessica, wielding a +0 club and wearing a +0 robe (fast, 100% to hit)
The magic dart hits Jessica.
Jessica is lightly wounded.
Jessica hits you with a +0 club. Jessica misses you.
Unknown command.
Casting: Magic Dart (safe; 5% risk of failure)
Confirm with . or Enter, or press ? or * to list all spells.
Aiming: Magic Dart (safe; 5% risk of failure)
Press: ? - help, Shift-Dir - straight line, f/p - Jessica
Aim: Jessica, wielding a +0 club and wearing a +0 robe (lightly wounded, fast, 100% to hit)
Okay, then.
Unknown command.
Unknown command.
Casting: Magic Dart (safe; 5% risk of failure)
Confirm with . or Enter, or press ? or * to list all spells.
A tiny devil pulls itself out of the air.
Jessica hits you with a +0 club.
* * * LOW HITPOINT WARNING * * *
Unknown command.
Jessica attacks as you move away! Jessica barely misses you.
A rat comes into view.
Jessica hits you with a +0 club.
You die...

#..
#.........##.#.#
#.#..........#.#
.....#....#.....
##.#..#......##.#
#......#.......#
###..#.##.######
....).....#
###...5.###
....#.#@#
###.#.#@# #..†.#
###..# #..# ....
.#.#. . .#. #. .#
#


You could see Jessica (fast, ally target) and a friendly cerulean imp
(summoned).

Vanquished Creatures
  An adder (D:2)
  A worm (D:2)
  A dart slug (D:1)
  An endoplasm (D:2)
  3 giant cockroaches
  3 goblins (D:1)
  2 hobgoblins (D:1)
  2 quokkas
  2 ball pythons
  6 bats
  5 frilled lizards
  6 kobolds
  2 rats (D:1)
35 creatures vanquished.

Notes
Turn   | Place    | Note
-------+----------+-------------------------------------------
     0 | D:1      | pokeman the Deep Elf Hedge Wizard began the quest for the
                  | Orb.
     0 | D:1      | Reached XP level 1. HP: 10/10 MP: 7/7
   385 | D:1      | Reached XP level 2. HP: 16/16 MP: 2/9
  1328 | D:2      | Reached skill level 5 in Spellcasting
  1477 | D:2      | Reached XP level 3. HP: 20/20 MP: 3/11
  1481 | D:2      | Learned a level 3 spell: Mephitic Cloud
  1484 | D:2      | Learned a level 2 spell: Call Imp
  1487 | D:2      | Learned a level 2 spell: Blink
  1700 | D:2      | Reached skill level 1 in Armour
  1800 | D:2      | Noticed Jessica
  1813 | D:2      | Slain by Jessica

Illustrated notes

Levels and vault maps discovered:
D:1:      dpeg_arrival_pond, layout_basic, minmay_tromino_v7
D:2:      layout_loops_cross, chequers_ecumenical_altar_simple_redux,
          minmay_tiny_reverse_x, uniq_jessica

Skill      XL: |  1  2  3 |
---------------+----------+-----
Spellcasting   | 5 |  5.2
Armour         | 1 |  1.0
Fighting       | |  0.9
Dodging        | |  2.4
Stealth        | |  2.4
Conjurations   | |  1.8
Summonings     | |  1.1
Translocations | |  1.1

Action                     || total
---------------------------++-------
  Melee: Dagger            ||     7
   Cast: Magic Dart        ||    97
         Call Imp          ||     1
 Armour: Robe              ||    15
  Dodge: Dodged            ||    29

Table legend: (Time is in decaauts)
 A = Elapsed time spent in this place.
 B = Non-inter-level travel time spent in this place.
 C = Inter-level travel time spent in this place.
 D = Time resting spent in this place.
 E = Time spent auto-exploring this place.
 F = Levels seen in this place.
 G = Mean time per level.
                   A        B        C        D        E       F      G
               +--------+--------+--------+--------+--------+-----+--------+
         Total |   1813 |   1791 |     22 |     66 |   1476 |   2 |  906.5 |
       Dungeon |   1813 |   1791 |     22 |     66 |   1476 |   2 |  906.5 |
               +--------+--------+--------+--------+--------+-----+--------+

Top non-repeatable levels by time:
     D:1: 1411 daAuts
     D:2: 402 daAuts
